 Dungeon Crawl Stone Soup version 0.24.0-1-gfbc8707 (webtiles) character file.

Game seed: 9654527335974089546, levelgen mode: deterministic

161525 dungeonnu the Phalangite (level 17, -1/243 HPs)
             Began as a Minotaur Berserker on Oct 25, 2019.
             Was the Champion of Trog.
             Succumbed to a deep elf annihilator's poison arrow
             ... on level 3 of the Elven Halls on Oct 26, 2019.
             The game lasted 03:24:26 (25402 turns).

dungeonnu the Phalangite (Minotaur Berserker)      Turns: 25402, Time: 03:24:26

Health: -1/243     AC: 38    Str: 31    XL:     17   Next: 20%
Magic:  25/25      EV: 11    Int: 11    God:    Trog [******]
Gold:   1834       SH:  2    Dex: 13    Spells: 16/16 levels left

rFire    . . .     SeeInvis +   k - +6 glaive of Fear {chop, MR+}
rCold    . . .     Gourm    .   (shield currently unavailable)
rNeg     + + .     Faith    .   t - +15 Maxwell's patent armour {-Cast -Tele rElec MR+ rCorr}
rPois    .         Spirit   .   G - +1 hat
rElec    +         Reflect  +   v - +1 cloak
rCorr    +         Harm     .   w - +0 pair of gloves of Complete Protection {rN+ MP+9}
MR       +++++     NoTele   +   (no boots) Stlth ..........NoCast +
                                R - amulet "Vuraggef" {Reflect Int+7 SH+2}
HPRegen  1.50/turn              x - ring of positive energy
MPRegen  0.19/turn              f - ring of see invisible

@: berserking, lethally poisoned (-1 -> -21), regenerating, very quick
A: retaliatory headbutt, horns 2
a: Berserk, Trog's Hand, Brothers in Arms, Renounce Religion


You were on level 3 of the Elven Halls.
You worshipped Trog.
Trog was exalted by your worship.
You were not hungry.

You visited 6 branches of the dungeon, and saw 28 of its levels.
You visited the Abyss 1 time.
You also visited: Ossuary, Gauntlet and Ice Cave.

You collected 2673 gold pieces.
You spent 839 gold pieces at shops.

Inventory:

Hand Weapons
 k - the +6 glaive of Fear (weapon) {chop, MR+}
   (You found it in an ice cave)

   It inflicts extra damage upon your enemies.
   It affects your resistance to hostile enchantments.
 l - a +2 halberd of venom
 N - a +4 scimitar of flaming
 V - a +9 longbow
Missiles
 s - 4 datura-tipped darts (quivered)
 u - 25 atropa-tipped darts
 L - 781 arrows
Armour
 t - the +15 Maxwell's patent armour (worn) {-Cast -Tele rElec MR+ rCorr}
   (You acquired it in an ossuary)

   It insulates you from electricity.
   It affects your resistance to hostile enchantments.
   It prevents spellcasting.
   It prevents most forms of teleportation.
   It provides partial protection from all sources of acid and corrosion.
 v - a +1 cloak (worn)
 w - the +0 pair of gloves of Complete Protection (worn) {rN+ MP+9}
   (You found it in a Gauntlet)

   It protects you from negative energy.
   It affects your magic capacity (+9).
 G - a +1 hat (worn)
Jewellery
 f - a ring of see invisible (right hand)
 j - an uncursed ring of ice
 m - an uncursed ring of fire
 x - a ring of positive energy (left hand)
 A - a +2 ring of dexterity
 R - the amulet "Vuraggef" (around neck) {Reflect Int+7 SH+2}
   (You bought it in a shop on level 1 of the Elven Halls)

   [amulet of reflection]

   It shields you and reflects attacks.
   It affects your intelligence (+7).
   It affects your SH (+2).
Wands
 q - a wand of enslavement (8)
 r - a wand of acid (5)
 z - a wand of paralysis (26)
 B - a wand of digging (15)
 H - a wand of iceblast (13)
 M - a wand of disintegration (31)
 Q - a wand of polymorph (43)
Scrolls
 b - 4 scrolls of blinking
 d - 14 scrolls of remove curse
 e - a scroll of fear
 n - 8 scrolls of teleportation
 o - 2 scrolls of identify
 C - a scroll of holy word
 I - 4 scrolls of enchant armour
 J - a scroll of enchant weapon
 P - 3 scrolls of fog
 W - 3 scrolls of magic mapping
 X - 2 scrolls of immolation
Potions
 a - 3 potions of agility
 g - 3 potions of heal wounds
 h - 4 potions of invisibility
 i - 5 potions of haste
 p - 9 potions of curing
 D - 7 potions of flight
 E - 3 potions of lignification
 F - a potion of might
 O - 5 potions of ambrosia
 S - a potion of cancellation
 T - 5 potions of mutation
Miscellaneous
 U - a phial of floods
Comestibles
 c - 27 rations


   Skills:
 + Level 17.6 Fighting
   Level 5.5(15.1) Axes
 + Level 21.0(21.2) Polearms
 + Level 2.9 Bows
 + Level 11.7 Throwing
 + Level 16.6 Armour
 + Level 5.9 Dodging
 + Level 3.0 Stealth
 + Level 0.8 Evocations


You had 16 spell levels left.
You didn't know any spells.
Your spell library contained the following spells:

 Spells                   Type           Power        Failure   Level  Hunger
 Infusion                 Chrm           #...         86%         1    ##.....
 Shroud of Golubria       Chrm/Tloc      #.....       94%         2    ###....
 Song of Slaying          Chrm           #.......     94%         2    ###....
 Regeneration             Chrm/Necr      #.........   99%         3    ####...
 Spectral Weapon          Hex/Chrm       #.......     99%         3    ####...


Dungeon Overview and Level Annotations

Branches:
Dungeon (15/15)            Temple (1/1) D:7            Lair (6/6) D:11
  Swamp (0/4) Lair:3       Spider (0/4) Lair:2        Slime (0/5) Lair:5
    Orc (2/2) D:9             Elf (3/3) Orc:2        Vaults (0/5) D:13
 Depths (1/5) D:15        Ossuary (visited)           IceCv (visited)
Gauntlet (visited)

Altars:
Ashenzari
Elyvilon
Gozag
Kikubaaqudgha
Makhleb
Nemelex Xobeh
Ru
Trog
Vehumet
Wu Jian
Xom
The Shining One

Shops:
D:4 [   D:9 ?   Orc:2 }[([(   Elf:1 =

Annotations:
D:14 exclusions: ice statue and orange crystal statue
D:15 3 runed translucent doors, Lyniq's ghost, journeyman DrTm
Lair:6 1 runed translucent door
Elf:2 5 runed translucent doors


Innate Abilities, Weirdness & Mutations

You reflexively headbutt those who attack you in melee.
You have a pair of horns on your head.


Message History

Trog appreciates your killing of a magic user.
You feel sick.
You block the deep elf blademaster's attack.
The deep elf blademaster hits you with a +0 short sword!
* * * LOW HITPOINT WARNING * * *
The earth elemental barely misses you. The earth elemental hits you!
* * * LOW HITPOINT WARNING * * *
The earth elemental closely misses you.
* * * LOW HITPOINT WARNING * * *
You feel very sick.
The earth elemental disappears in a puff of smoke!
The deep elf annihilator is empowered by something's aura!
The deep elf blademaster hits you but does no damage.
The deep elf blademaster closely misses you.
Items here: )) [ †† a +0 long sword; a +0 chain mail of magic resistance a +3 long sword of slicing; an elf corpse x2
Okay, then.
You feel a strong urge to attack something.
You die...

# #.##....)..# ##.[.##
##[.[## # #.##.....#.#
##'## ##....[## #
#.###.#..#.# #.#
##..<....# #
#........#.# #.#
##....[.... #
#####......# ##.##
#.......... # ###.####
##...####......... #
#.######.....#
##.......# #
#.....###...## ##.....##
#####e##@....######...##
#Ee).............##
#EEE.....#########
#.EEe....# #####
###..()..# #...#
####e### #.#.# ###


#E.eeEe.. #.#.# ..# #.##.#(..#####.#.## #.###### #. #.#...#.....#... You could
see a deep elf blademaster, a deep elf annihilator, a deep elf sorcerer, a deep
elf elementalist, a deep elf high priest, 8 earth elementals, a deep elf mage
and a +0 scimitar of venom.

Vanquished Creatures
  Jorgrun (D:15)
  Frances (D:13)
  Kirke (Lair:6)
  A frost giant (IceCv)
  A deep elf sorcerer (Elf:3)
  An entropy weaver (Gauntlet)
  2 deep elf demonologists (Elf:3)
  5 deep elf annihilators
  A minotaur (Gauntlet)
  3 deep elf death magi (Elf:3)
  Snorg (Lair:3)
  An ettin (D:15)
  A deep elf high priest (Elf:3)
  2 vault guards (D:13)
  A death knight (D:12)
  2 hydras
  5 centaur warriors
  16 dancing weapons
  A tengu warrior (D:15)
  6 two-headed ogres
  An ogre mage (D:15)
  4 death yaks (Lair:4)
  17 deep elf knights
  A fire crab (Gauntlet)
  Sonja (D:12)
  A wretched star (Abyss:2)
  Pikel (D:4)
  16 deep elf archers
  8 starcursed masses (Abyss:2)
  A wolf spider zombie (D:14)
  2 unseen horrors
  4 orc knights (Orc:2)
  2 lindwurms (Lair:6)
  A large abomination (Abyss:2)
  3 necromancers (D:13)
  A wolf spider (Gauntlet)
  2 orc sorcerers
  An oklob plant (Lair:6)
  11 ugly things
  44 deep elf magi
  2 manticores
  5 cyclopes
  5 elephants (Lair:3)
  An ice statue (IceCv)
  7 black mambas
  10 spiny frogs
  Psyche (D:8)
  2 rime drakes
  6 torpor snails (Lair:6)
  A kobold demonologist (D:15)
  A demonic crawler (Lair:2)
  An efreet (D:14)
  An ancient zyme (Abyss:2)
  7 komodo dragons
  3 trolls
  A merfolk (D:12)
  3 tyrant leeches (Lair:6)
  A polar bear (shapeshifter) (Elf:3)
  A jumping spider (Gauntlet)
  7 hornets (Lair:6)
  24 polar bears
  6 slime creatures
  A blink frog (Lair:4)
  10 hippogriffs
  8 raiju
  2 air elementals (Elf:1)
  A tarantella (shapeshifter) (Elf:1)
  5 water elementals
  59 yaks
  A redback (Gauntlet)
  A wraith (D:10)
  3 shadows
  3 basilisks
  2 fire elementals (Elf:3)
  6 fire bats (Gauntlet)
  2 hungry ghosts
  19 humans (D:13)
  A steam dragon (D:10)
  10 vampire mosquitoes
  2 small abominations
  6 wargs
  A soldier ant (D:13)
  14 hell hounds
  9 water moccasins
  8 porcupines
  2 acid dragons
  38 orc warriors
  A sky beast (D:12)
  A slave (D:4)
  3 phantoms
  3 hornet zombies
  12 black bears
  6 ogres
  5 ice beasts
  An eye of draining (D:13)
  43 wolves
  17 centaurs
  9 crocodiles
  A big kobold (D:8)
  15 bullfrogs
  A wyvern zombie (D:9)
  A gnoll sergeant (D:9)
  An earth elemental (Elf:1)
  7 scorpions
  A wyvern skeleton (D:11)
  5 wights
  11 killer bees
  An electric eel (Lair:2)
  A howler monkey (D:5)
  5 crimson imps
  5 centaur zombies
  2 quasits
  14 orc priests
  5 centaur skeletons
  3 human zombies (Ossuary)
  9 hounds
  8 jellies
  12 orc wizards
  Crazy Yiuf (D:5)
  3 iguanas
  8 hell rats
  7 worker ants
  5 mummies (Ossuary)
  A howler monkey skeleton (D:5)
  4 gnolls (D:9)
  14 adders
  9 river rats (D:8)
  2 shadow imps
  12 white imps (Lair:4)
  16 oozes (Lair:5)
  An adder skeleton (D:4)
  5 worms
  3 dart slugs
  6 leopard geckos
  79 orcs
  2 ball pythons (D:1)
  3 bats (D:1)
  4 giant cockroaches
  9 goblins
  7 hobgoblins
  10 jackals
  10 quokkas
  4 frilled lizards
  A goblin zombie (Ossuary)
  A hobgoblin zombie (Ossuary)
  A jackal skeleton (D:4)
  12 kobolds
  A kobold zombie (Ossuary)
  A leopard gecko skeleton (D:4)
  An orc zombie (Ossuary)
  A quokka zombie (D:8)
  17 rats
  A rat zombie (D:8)
  A crawling corpse (Elf:3)
  A fungus (Lair:5)
  A plant (Lair:5)
959 creatures vanquished.

Vanquished Creatures (others)
  A deep elf knight (Elf:2)
  A deep elf mage (Elf:2)
  6 humans (Lair:6)
  2 orcs
  6 fungi
  12 plants
28 creatures vanquished.

Grand Total: 987 creatures vanquished

Notes
Turn   | Place    | Note
-------+----------+-------------------------------------------
     0 | D:1      | dungeonnu the Minotaur Berserker began the quest for the
                  | Orb.
     0 | D:1      | Reached XP level 1. HP: 19/19 MP: 0/0
   121 | D:1      | Reached XP level 2. HP: 26/27 MP: 1/1
   872 | D:1      | Reached ** piety under Trog
   913 | D:1      | Reached XP level 3. HP: 33/33 MP: 2/2
  1373 | D:3      | Reached XP level 4. HP: 32/41 MP: 3/3
  1809 | D:3      | Reached skill level 1 in Polearms
  1819 | D:4      | Reached XP level 5. HP: 46/47 MP: 4/4
  1882 | D:3      | Reached *** piety under Trog
  1907 | D:5      | Entered Level 5 of the Dungeon
  2443 | D:4      | Reached skill level 5 in Axes
  2448 | D:4      | Found Fuwkezes's Antique Armour Emporium.
  2467 | D:4      | Noticed a slave
  2477 | D:4      | Killed a slave
  2480 | D:4      | Noticed a slave
  2480 | D:4      | Noticed a slave
  2481 | D:4      | Noticed Pikel
  2485 | D:4      | Noticed a slave
  2497 | D:4      | Killed Pikel
  2497 | D:4      | Reached skill level 5 in Fighting
  2497 | D:4      | Reached skill level 4 in Polearms
  2497 | D:4      | Reached skill level 5 in Armour
  2497 | D:4      | Reached XP level 6. HP: 25/56 MP: 5/5
  2497 | D:4      | Reached XP level 7. HP: 28/61 MP: 6/6
  2991 | D:5      | Reached skill level 5 in Polearms
  2991 | D:5      | Reached skill level 1 in Stealth
  3328 | D:5      | Reached XP level 8. HP: 69/69 MP: 7/7
  3536 | D:5      | Reached skill level 6 in Polearms
  3574 | D:6      | Found a sparkling altar of Nemelex Xobeh.
  3662 | D:5      | Found a runed translucent door.
  3663 | D:5      | Noticed Crazy Yiuf
  3669 | D:5      | Killed Crazy Yiuf
  3878 | D:5      | Found a white marble altar of Elyvilon.
  4060 | D:6      | Received a gift from Trog
  4154 | D:6      | Reached skill level 7 in Polearms
  4214 | D:7      | Found a staircase to the Ecumenical Temple.
  4221 | Temple   | Entered the Ecumenical Temple
  4341 | D:7      | Found a sacrificial altar of Ru.
  4342 | D:7      | Found a radiant altar of Vehumet.
  4344 | D:7      | Found a shattered altar of Ashenzari.
  4344 | D:7      | Found a glowing golden altar of the Shining One.
  4346 | D:7      | Found a burning altar of Makhleb.
  4347 | D:7      | Found an ancient bone altar of Kikubaaqudgha.
  4482 | D:8      | Noticed Psyche
  4489 | D:8      | Killed Psyche
  4489 | D:8      | Reached skill level 8 in Polearms
  4514 | D:8      | Reached XP level 9. HP: 57/78 MP: 8/8
  4520 | D:8      | Reached **** piety under Trog
  4556 | D:8      | Noticed a two-headed ogre
  4565 | D:8      | Killed a two-headed ogre
  4565 | D:8      | Reached skill level 9 in Polearms
  5051 | D:8      | Found a sand-covered staircase.
  5058 | Ossuary  | Entered an ossuary
  5213 | Ossuary  | Reached ***** piety under Trog
  5303 | Ossuary  | Identified a scroll of acquirement
  5304 | Ossuary  | Found the +15 Maxwell's patent armour {-Cast -Tele rElec
                  | MR+ rCorr}
  5592 | D:10     | Entered Level 10 of the Dungeon
  5619 | D:9      | Noticed a two-headed ogre
  5635 | D:9      | Killed a two-headed ogre
  5635 | D:9      | Reached skill level 10 in Polearms
  5635 | D:9      | Reached XP level 10. HP: 68/86 MP: 9/9
  5864 | D:9      | Found a shimmering altar of Xom.
  5865 | D:9      | Found a shimmering altar of Xom.
  5866 | D:9      | Found a shimmering altar of Xom.
  5867 | D:9      | Found a shimmering altar of Xom.
  5881 | D:9      | Found a staircase to the Orcish Mines.
  5931 | D:9      | Reached skill level 11 in Polearms
  6183 | D:9      | Found Lonenem's Magic Scroll Shoppe.
  6279 | D:9      | Received a gift from Trog
  6279 | D:9      | Reached skill level 5 in Throwing
  6757 | D:10     | Reached skill level 10 in Armour
  6864 | D:10     | Reached skill level 12 in Polearms
  6882 | D:10     | Received a gift from Trog
  7059 | D:10     | Reached XP level 11. HP: 82/95 MP: 10/10
  7647 | D:10     | Noticed a centaur warrior
  7657 | D:10     | Killed a centaur warrior
  7857 | D:10     | Noticed a two-headed ogre
  7866 | D:10     | Killed a two-headed ogre
  8313 | D:11     | Noticed a centaur warrior
  8331 | D:11     | Reached skill level 10 in Fighting
  8332 | D:11     | Killed a centaur warrior
  8332 | D:11     | Reached skill level 13 in Polearms
  8391 | D:11     | Found a staircase to the Lair.
  8600 | D:11     | Killed an unseen horror
  8651 | D:13     | Noticed a green ugly thing
  8679 | D:12     | Received a gift from Trog
  8820 | Lair:1   | Entered Level 1 of the Lair of Beasts
  9056 | Lair:1   | You fall into a shaft and drop 1 floor!
  9074 | Lair:2   | Reached XP level 12. HP: 94/108 MP: 11/11
  9077 | Lair:2   | Found a hole to the Spider Nest.
  9140 | Lair:2   | Received a gift from Trog
 10431 | Lair:4   | Noticed an eight-headed hydra
 10447 | Lair:4   | Killed an eight-headed hydra
 10577 | Lair:4   | Noticed a death yak
 10578 | Lair:4   | Noticed a death yak
 10578 | Lair:4   | Noticed a death yak
 10597 | Lair:4   | Killed a death yak
 10602 | Lair:4   | Noticed a death yak
 10620 | Lair:4   | Killed a death yak
 10639 | Lair:4   | Killed a death yak
 10704 | Lair:4   | Found a frozen archway.
 10729 | Lair:4   | Killed a death yak
 10729 | Lair:4   | Reached skill level 14 in Polearms
 10952 | IceCv    | Entered an ice cave
 11018 | IceCv    | Received a gift from Trog
 11192 | IceCv    | Reached XP level 13. HP: 116/118 MP: 4/12
 11379 | IceCv    | Reached skill level 1 in Bows
 11541 | IceCv    | Noticed a frost giant
 11558 | IceCv    | Killed a frost giant
 11646 | IceCv    | Got an iridescent glaive
 11647 | IceCv    | Identified the +6 glaive of Fear {chop, MR+} (You found it
                  | in an ice cave)
 12187 | Lair:5   | Reached skill level 15 in Polearms
 12385 | Lair:5   | Received a gift from Trog
 12589 | Lair:6   | Entered Level 6 of the Lair of Beasts
 12597 | Lair:5   | Found a staircase to the Slime Pits.
 12774 | Lair:6   | Found a bloodstained altar of Trog.
 12865 | Lair:6   | Noticed Kirke
 12880 | Lair:6   | Killed Kirke
 12961 | Lair:6   | Found a gate leading to a gauntlet.
 12976 | Gauntlet | Entered a Gauntlet
 12976 | Gauntlet | Found a transporter.
 12976 | Gauntlet | Found a transporter.
 12976 | Gauntlet | Found a transporter.
 12976 | Gauntlet | Found a transporter.
 12980 | Gauntlet | Found a transporter.
 12982 | Gauntlet | Found a large runed translucent door.
 12983 | Gauntlet | Found a large runed translucent door.
 12984 | Gauntlet | Found a large runed translucent door.
 12984 | Gauntlet | Found a large runed translucent door.
 12984 | Gauntlet | Found a runed translucent door.
 12985 | Gauntlet | Found a large runed translucent door.
 12986 | Gauntlet | Found a large runed translucent door.
 12987 | Gauntlet | Found a large runed translucent door.
 12987 | Gauntlet | Found a large runed translucent door.
 12988 | Gauntlet | Found a runed translucent gate.
 12989 | Gauntlet | Found a runed translucent gate.
 12989 | Gauntlet | Noticed an entropy weaver
 12990 | Gauntlet | Found a runed translucent door.
 12990 | Gauntlet | Found a runed translucent gate.
 12990 | Gauntlet | Found a transporter.
 12999 | Gauntlet | Found a large runed translucent door.
 12999 | Gauntlet | Found a large runed translucent door.
 13000 | Gauntlet | Found a large runed translucent door.
 13001 | Gauntlet | Found a large runed translucent door.
 13003 | Gauntlet | Found a transporter.
 13011 | Gauntlet | Found a transporter.
 13028 | Gauntlet | Found a transporter.
 13036 | Gauntlet | Found a transporter.
 13055 | Gauntlet | Found a transporter.
 13105 | Gauntlet | Found a transporter.
 13170 | Gauntlet | Got a pair of steaming gloves
 13181 | Gauntlet | Identified the +0 pair of gloves of Complete Protection
                  | {rN+ MP+9} (You found it in a Gauntlet)
 13197 | Gauntlet | Killed an entropy weaver
 13197 | Gauntlet | Reached skill level 16 in Polearms
 13228 | Gauntlet | Got a crude iron ring
 13230 | Gauntlet | Identified the ring "Usorara" {MP+9 Str-4 Int+4 Stlth+}
                  | (You found it in a Gauntlet)
 13519 | Gauntlet | Noticed a minotaur
 13533 | Gauntlet | Killed a minotaur
 13553 | Gauntlet | Identified the Incunabulum of Ice and Confrontation
 13732 | Lair:6   | Found a runed translucent door.
 13732 | Lair:6   | Noticed a fire dragon
 13762 | Lair:6   | Reached XP level 14. HP: 107/129 MP: 13/13
 13781 | Lair:6   | Paralysed by a hornet for 1 turns
 13872 | Lair:6   | Paralysed by a hornet for 3 turns
 14441 | Lair:6   | Received a gift from Trog
 15290 | Lair:3   | Reached skill level 17 in Polearms
 15320 | Lair:3   | Received a gift from Trog
 15477 | Lair:3   | Noticed Snorg
 15496 | Lair:3   | Killed Snorg
 15521 | Lair:3   | Found a staircase to the Swamp.
 16038 | D:12     | Reached skill level 15 in Armour
 16235 | D:12     | Reached ****** piety under Trog
 16284 | D:13     | Reached skill level 5 in Dodging
 16377 | D:12     | Noticed Sonja
 16387 | D:12     | Cast into level 2 of the Abyss (Sonja)
 16472 | Abyss:2  | Noticed a starcursed mass
 16478 | Abyss:2  | Noticed a starcursed mass
 16497 | Abyss:2  | Killed a starcursed mass
 16505 | Abyss:2  | Noticed a starcursed mass
 16515 | Abyss:2  | Got a transparent platinum ring
 16537 | D:12     | Escaped the Abyss
 16540 | D:12     | Killed Sonja
 16540 | D:12     | Reached skill level 18 in Polearms
 16583 | D:12     | Identified the ring "Nopuh" {EV+2 Int+2} (You found it on
                  | level 2 of the Abyss)
 17233 | D:13     | Reached XP level 15. HP: 137/139 MP: 14/14
 17333 | D:13     | Received a gift from Trog
 17469 | D:13     | Found a gate to the Vaults.
 17693 | D:13     | Received a gift from Trog
 17892 | D:13     | Noticed Frances
 17903 | D:13     | Killed Frances
 18231 | D:15     | Entered Level 15 of the Dungeon
 18357 | D:14     | Reached skill level 19 in Polearms
 18365 | D:14     | Reached skill level 15 in Fighting
 18386 | D:14     | Found an ancient bone altar of Kikubaaqudgha.
 18474 | D:14     | Found a white marble altar of Elyvilon.
 18736 | D:14     | Received a gift from Trog
 19089 | D:15     | Noticed Jorgrun
 19102 | D:15     | Killed Jorgrun
 19399 | D:15     | Noticed Lyniq's ghost (journeyman DrTm)
 19638 | D:15     | Found a staircase to the Depths.
 19754 | D:15     | Received a gift from Trog
 19828 | D:15     | Found a runed translucent gate.
 19828 | D:15     | Found a runed translucent gate.
 19828 | D:15     | Found a runed translucent gate.
 20073 | Depths:1 | Entered Level 1 of the Depths
 20073 | Depths:1 | Noticed a frost giant
 20236 | Orc:1    | Entered Level 1 of the Orcish Mines
 20280 | Orc:1    | Reached skill level 10 in Throwing
 20408 | Orc:2    | Entered Level 2 of the Orcish Mines
 20412 | Orc:2    | Received a gift from Trog
 20523 | Orc:2    | Found a staircase to the Elven Halls.
 20659 | Orc:2    | Found Zow Kyth's Gadget Boutique.
 20729 | Orc:2    | Received a gift from Trog
 21216 | Orc:2    | Found Haetyec's Weapon Shop.
 21216 | Orc:2    | Found Lobycip's Antique Armour Shoppe.
 21218 | Orc:2    | Found Uwid's Weapon Emporium.
 21220 | Orc:2    | Found Otoofo's Armour Boutique.
 21427 | Elf:1    | Entered Level 1 of the Elven Halls
 21733 | Elf:1    | Reached XP level 16. HP: 151/151 MP: 15/15
 21843 | Elf:1    | Reached skill level 20 in Polearms
 21927 | Elf:1    | Found Mamnump's Jewellery Emporium.
 21961 | Elf:1    | Received a gift from Trog
 22007 | Elf:1    | Bought an uncursed ring of see invisible for 285 gold
                  | pieces
 22287 | Elf:1    | Received a gift from Trog
 23076 | Elf:2    | Found a huge runed translucent gate.
 23076 | Elf:2    | Found a huge runed translucent gate.
 23076 | Elf:2    | Found a huge runed translucent gate.
 23076 | Elf:2    | Found a huge runed translucent gate.
 23076 | Elf:2    | Found a huge runed translucent gate.
 24032 | Elf:3    | Entered Level 3 of the Elven Halls
 24375 | Elf:1    | Bought the amulet "Vuraggef" {Reflect Int+7 SH+2} for 554
                  | gold pieces
 24623 | Elf:3    | Received a gift from Trog
 25301 | Elf:3    | Noticed an Executioner
 25302 | Elf:3    | Noticed an Executioner
 25307 | Elf:3    | Reached XP level 17. HP: 98/161 MP: 16/16
 25308 | Elf:3    | Noticed a Tzitzimitl
 25340 | Elf:3    | Reached skill level 21 in Polearms
 25349 | Elf:3    | Noticed a deep elf blademaster
 25358 | Elf:3    | Received a gift from Trog
 25400 | Elf:3    | HP: 3/243 [earth elemental[a deep elf elementalist] (17)]
 25401 | Elf:3    | HP: 1/243 [poisoned by a deep elf annihilator (poison
                  | arrow)]
 25402 | Elf:3    | Succumbed to a deep elf annihilator's poison arrow

Levels and vault maps discovered:
D:1:      minmay_arrival_three_doors, layout_loops_ring, st_stairs_9
D:2:      layout_rooms
D:3:      layout_loops_ring, dk_vineyard_2, minivault_5
D:4:      layout_basic, serial_shops, nicolae_shop_overgrown_old_shop,
          first_ration, minivault_27, kennysheep_generic_room_5, uniq_pikel
D:5:      layout_basic, elyvilon_altar_1, kennysheep_big_empty_room,
          uniq_crazy_yiuf_cottage
D:6:      layout_basic, nicolae_overflow_crystal_walls
D:7:      cheibrodos_steamvent, layout_basic, grunt_temple_overflow_open,
          minmay_temple_entry_purple_smoke, serial_shops, shop
D:8:      lemuel_ratsnest, layout_basic, enter_ossuary_4, uniq_psyche
D:9:      layout_long_grid, orc_david_3, serial_shops, shop, xom_shifter_show
D:10:     minmay_distorted_concentric_squares, layout_basic
D:11:     layout_basic, lair_entry_dummy
D:12:     kennysheep_ambush_hall, layout_basic, hangedman_fish_farm, uniq_sonja
D:13:     layout_long_grid, grunt_vaults_entry_tiered, uniq_frances
D:14:     minmay_separated_statues, layout_irregular_city, lemuel_crystal_altar,
          chequers_serial_rivers_small_b, lemuel_altar_in_water
D:15:     hangedman_depths_entry_civil_slaughter, layout_basic,
          gammafunk_ghost_split, minmay_misc_feat_alley, uniq_jorgrun
Temple:   nicolae_temple_great_sept
Lair:1:   layout_hall_layers
Lair:2:   layout_regular_city, nicolae_spider_entry_non_spiders,
          chequers_serial_rivers_small_b, infiniplex_staircase_pool
Lair:3:   layout_gridlike, minmay_swamp_entry_swarm, serial_bayou_shore_b,
          serial_bayou_shore_b, uniq_snorg
Lair:4:   layout_misc_corridors, portal_ice_cave_entry_imps, st_stairs_10,
          minivault_11, lemuel_fruit_tree, serial_bayou_shore_b,
          grunt_megastairs_3
Lair:5:   lemuel_slime, layout_cave_pods, nicolae_slime_entry_slimehenge
Lair:6:   hangedman_lair_caniforms_friends, layout_gridlike, wormcave,
          gauntlet_entry_generic, lemuel_oklob_altar, uniq_kirke
Orc:1:    layout_diamond_mine, mines3_lemuel
Orc:2:    st_orc_rangers, layout_diamond_mine, serial_shops, shop_fountains,
          rock_pile
Elf:1:    eino_elf_arrival_sip, layout_loops_cross, serial_co_window_serial,
          co_window_of_opportunity_a, co_window_of_opportunity_a,
          co_window_of_opportunity_a, co_window_corner_a, co_window_paths_a,
          co_window_corner_b, co_window_2corner, co_window_corner_b,
          glass_columns_c, glass_columns_a, glass_columns_c, glass_columns_a,
          serial_shops, nicolae_shop_stone, minivault_28
Elf:2:    layout_loops_ring, grunt_megastairs_1, uniq_agnes, uniq_nikola
Elf:3:    minmay_elf_hall_dome, layout_loops_corners, minivault_14
Depths:1: layout_gridlike, mu_enter_wizlab_6, hell_entry, abyss_entry_crystal,
          st_stairs_3, kennysheep_inner_square, serial_bayou_shore_b,
          minmay_shop_grove

Skill      XL: |  1  2  3  4  5  6  7  8  9 10 11 12 13 14 15 16 17 |
---------------+----------------------------------------------------+-----
Fighting       | 4 5 6 7 8 10 12 13 14 16 17 | 17.6
Axes           | 4 5 |  5.5
Armour         | 3 4 5 7 9 10 12 13 14 15 16 | 16.6
Polearms       | 1 4 5 8 10 12 13 14 16 18 19 20 21 | 21.0
Dodging        | 3 4 5 |  5.9
Throwing       | 2 3 4 5 8 9 10 11 | 11.7
Stealth        | 1 2 3 |  3.0
Bows           | 2 |  2.9
Evocations     | |  0.8

Action                   |  1- 3 |  4- 6 |  7- 9 | 10-12 | 13-15 | 16-18 || total
-------------------------+-------+-------+-------+-------+-------+-------++-------
Melee: Hand axe          |    66 |    15 |       |       |       |       ||    81
       Headbutt          |     6 |    15 |    69 |   256 |   234 |    74 ||   654
       Spear             |       |    64 |   302 |   919 |       |       ||  1285
       Bardiche          |       |       |       |     6 |    71 |       ||    77
       Glaive            |       |       |       |       |  1118 |   367 ||  1485
 Fire: Longbow           |       |       |       |     2 |    24 |     4 ||    30
Throw: Dart              |     2 |     3 |     1 |    69 |     2 |     1 ||    78
       Javelin           |       |    12 |    25 |    21 |    95 |    77 ||   230
Invok: Berserk           |       |     1 |       |     4 |     8 |     1 ||    14
       Trog's Hand       |       |       |       |     1 |    10 |     6 ||    17
Evoke: Wand              |       |       |       |     1 |       |     3 ||     4
  Use: Scroll            |       |     2 |     9 |    11 |     8 |     4 ||    34
       Potion            |       |       |       |       |     6 |     3 ||     9
  Eat: Ration            |       |     2 |     3 |     7 |    14 |     4 ||    30
Armor: Ring mail         |    30 |     3 |       |       |       |       ||    33
       Chain mail        |       |    26 |    67 |       |       |       ||    93
       Plate armour      |       |       |    21 |   428 |  1209 |   252 ||  1910
       Skin              |       |       |       |       |    69 |       ||    69
Dodge: Dodged            |    50 |    24 |    84 |   221 |   779 |   161 ||  1319
Block: Other             |       |       |       |       |       |     6 ||     6
